Cogmind - Beta 16 *** ADVENTURER MODE // 2025.12.22 @ 21:50:18 Player: Gentle Jesus Result: Self-destructed Performance ------------- Evolutions (0) 0 Regions Visited (4) 800 Robots Destroyed (9) 45 Value Destroyed (156) 156 Prototype IDs (0) 0 Alien Tech Used (0) 0 Bonus (0) 0 TOTAL SCORE: 1001 Bonus ------- None Cogmind --------- Core Integrity 39/250 Matter 284/300 Energy 110/125 System Corruption 2% Temperature Cool (20) Movement Rolling (175) Ox5 Location -9/Mines Parts ------- > --- POWER (1) -------- Light Ion Engine > --- PROPULSION (2) --- Compact Wheel Compact Wheel > --- UTILITY (2) ------ Huge Storage Unit > --- WEAPON (2) ------- Assault Rifle > --- INVENTORY (25) --- Improved Heat Sink Large Storage Unit Improved Terrain Scanner Peak State ------------ > --- POWER ------------ Light Ion Engine > --- PROPULSION ------- Compact Wheel Compact Wheel > --- UTILITY ---------- Huge Storage Unit Seismic Detector > --- WEAPON ----------- EM Pulse Gun EM Pulse Gun > --- INVENTORY -------- Light Ion Engine Improved Heat Sink Small Storage Unit Large Storage Unit Improved Terrain Scanner Assault Rifle [Rating: 8] Favorites ----------- Power Light Ion Engine Engine Light Ion Engine Propulsion Compact Wheel Wheel Compact Wheel Utility Seismic Detector Device Seismic Detector Storage Large Storage Unit Weapon EM Pulse Gun Energy Gun EM Pulse Gun Ballistic Gun Assault Rifle Build | -11 -10 -10 -10 -9 ------- Run | Yrd Mat Min Exi Min Slots Evolved . | . . . . . Power . | . . . . . Propulsion . | . . . . . Utility . | . . . . . Weapon . | . . . . . Parts Attached 11 | 7 1 . . 3 Power 2 | 1 . . . 1 Engine 2 | 1 . . . 1 Core . | . . . . . Reactor . | . . . . . Propulsion 2 | 2 . . . . Treads . | . . . . . Leg . | . . . . . Wheel 2 | 2 . . . . Hover . | . . . . . Flight . | . . . . . Utility 4 | 2 1 . . 1 Device 1 | 1 . . . . Storage 3 | 1 1 . . 1 Processor . | . . . . . Hackware . | . . . . . Protection . | . . . . . Artifact . | . . . . . Weapon 3 | 2 . . . 1 Energy Gun 2 | 2 . . . . Energy Cannon . | . . . . . Ballistic Gun 1 | . . . . 1 Ballistic Cannon . | . . . . . Launcher . | . . . . . Special Weapon . | . . . . . Impact Weapon . | . . . . . Slashing Weapon . | . . . . . Piercing Weapon . | . . . . . Special Melee Weapon . | . . . . . Unidentified Prototypes . | . . . . . Corrupted Parts 1 | 1 . . . . System Corruption 2 | 2 . . . . Parts Lost 4 | . . . . 4 Power 1 | . . . . 1 Propulsion . | . . . . . Utility 1 | . . . . 1 Weapon 2 | . . . . 2 Highest Loss Streak 4 | . . . . 4 To Critical Strikes . | . . . . . Average Backups 4 | 1 4 5 5 5 Power . | . 1 1 1 1 Propulsion . | . . . . . Utility 2 | . 2 3 3 3 Weapon . | . 1 1 1 . Tool/Special . | . . . . . Unused Backups 2 | . . . . 2 Power . | . . . . . Propulsion . | . . . . . Utility 2 | . . . . 2 Weapon . | . . . . . Tool/Special . | . . . . . Average Slot Usage (%) 99 | . 98 100 100 100 Engine 14 | . 14 14 14 14 Wheel 28 | . 28 28 28 28 Device 14 | . 14 14 14 14 Storage 14 | . 14 14 14 14 Energy Gun 27 | . 26 28 28 26 Peak Build Rating 8 | 7 7 7 7 8 Average Rating 6 | 5 6 7 7 7 On Entrance 5 | . 7 7 7 7 Avg Prop Armor Cover (%) . | . . . . . Naked Turns . | . . . . . Heaviest Build 88 | 13 28 28 28 88 Greatest Support 32 | 32 32 32 32 32 Greatest Overweight (x) 5 | . . . . 5 Average Overweight (x) . | . . . . 1 Largest Inventory Capacity 25 | 8 15 15 15 25 Average Capacity 14 | 7 14 15 15 23 Most Carried 6 | 3 5 5 5 6 Average Carried 4 | 1 4 5 5 5 Final Capacity 25 | 8 15 15 15 25 Final Carried 5 | 3 5 5 5 3 Class Distribution -------------------- 100% | Mutant Dominant Class ---------------- Mutant | -10/Materials Mutant | -10/Mines Mutant | -10/Exiles Mutant | -9/Mines Resources | -11 -10 -10 -10 -9 ----------- Run | Yrd Mat Min Exi Min Matter Collected 338 | 270 21 21 . 26 Remotely . | . . . . . Salvage Created 336 | 132 76 100 . 28 Parts 20 | 7 8 3 . 2 Haulers Intercepted . | . . . . . Recyclers Shooed 1 | . . 1 . . Parts Field Recycled . | . . . . . Retrieved Matter . | . . . . . Parts Self-Destructed . | . . . . . Prevented . | . . . . . Parts Restored . | . . . . . Kills | -11 -10 -10 -10 -9 ------- Run | Yrd Mat Min Exi Min Combat Hostiles Destroyed 5 | . 3 2 . . Guns 4 | . 2 2 . . AOE 1 | . 1 . . . Classes Destroyed 5 | 2 2 . . 1 Worker 1 | . . . . 1 Tunneler 2 | 2 . . . . Recycler 1 | 1 . . . . Swarmer 2 | . 2 . . . Grunt 3 | . 1 2 . . Best Kill Streak 3 | 3 2 2 . 1 Combat Bots Only 2 | . 2 2 . . Max Kills in Single Turn 1 | 1 1 1 . 1 Gunslinging . | . . . . . Exploded 1 | . 1 . . . Melee . | . . . . . Uniques/NPCs Destroyed . | . . . . . Combat | -11 -10 -10 -10 -9 -------- Run | Yrd Mat Min Exi Min Hostile Shots Fired 45 | . 4 5 . 36 Missed 15 | . 2 1 . 12 Hits 30 | . 2 4 . 24 Melee 6 | . . . . 6 Projectile 24 | . 2 4 . 18 Part Disruptions 1 | . . . . 1 Damage Taken 475 | 32 36 65 . 342 Core 211 | 26 28 14 . 143 Absorbed by Shields . | . . . . . Ignored by Resistances 133 | 10 11 15 . 97 Core Remaining (%) 89 | 89 . . . . Volleys Fired 21 | 7 5 5 . 4 Largest 2 | 2 2 2 . 2 Hottest 80 | 80 80 80 . 80 Shots Fired 43 | 14 10 11 . 8 Gun 43 | 14 10 11 . 8 Cannon . | . . . . . Launcher . | . . . . . Special . | . . . . . Kinetic 2 | . . . . 2 Thermal . | . . . . . Explosive . | . . . . . Electromagnetic 41 | 14 10 11 . 6 Robot Hit Streak 28 | 8 10 20 . 28 Robot Miss Streak 2 | 2 . . . . Penetration Max . | . . . . . Secondary Targets . | . . . . . Shots Hit Robots 36 | 11 7 10 . 8 Core Hits 13 | 3 3 4 . 3 Critical Kills . | . . . . . Critical Parts Destroyed . | . . . . . Critical Strikes 1 | . 1 . . . Corrupt 1 | . 1 . . . Melee Attacks . | . . . . . Impact . | . . . . . Slashing . | . . . . . Piercing . | . . . . . Sneak Attacks . | . . . . . Combat Hostiles . | . . . . . Follow-up Attacks . | . . . . . Damage Inflicted 661 | 220 109 159 . 173 Guns 456 | 151 73 133 . 99 Cannons . | . . . . . Explosions 179 | 69 36 . . 74 Melee . | . . . . . Ramming 26 | . . 26 . . Kinetic 26 | . . . . 26 Thermal 179 | 69 36 . . 74 Explosive . | . . . . . Electromagnetic 430 | 151 73 133 . 73 Impact . | . . . . . Slashing . | . . . . . Piercing . | . . . . . Highest Corruption 2 | 2 2 2 2 2 Average Corruption 2 | 2 2 2 2 2 Corruption Purged . | . . . . . Corruption Blocked . | . . . . . Effects 10 | . 3 4 2 1 Message Errors 1 | . . . . 1 Matter Fused 5 | . 2 2 1 . Heat Flow Errors 1 | . 1 . . . Data Loss (major) 2 | . . 1 1 . Misfires 1 | . . 1 . . Overload Shots . | . . . . . Overflow Damage 4 | 4 . . . . Projectiles . | . . . . . Explosions 4 | 4 . . . . Melee . | . . . . . Knockbacks . | . . . . . Impact . | . . . . . Kinetic . | . . . . . Secondary . | . . . . . Self-Inflicted Damage 96 | 33 20 13 . 30 Shots 4 | 2 1 . . 1 Rammed 2 | . . 2 . . Targets Rammed 2 | . . 2 . . Kicked . | . . . . . Crushed . | . . . . . Highest Temperature 129 | 66 129 126 . 30 Average Temperature 40 | 30 36 69 . 15 Received Heat Transfer 188 | . 12 36 . 140 Siege Activations . | . . . . . Martial Activations . | . . . . . Shielding Activations . | . . . . . Robots Disrupted . | . . . . . Combat Hostiles . | . . . . . Robots Corrupted . | . . . . . Combat Hostiles . | . . . . . Parts Fried 1 | . . 1 . . Impact Corruptions . | . . . . . Robots Melted . | . . . . . Combat Hostiles . | . . . . . Parts Melted 2 | . 2 . . . Heat Transferred 200 | 100 50 . . 50 Parts Sabotaged . | . . . . . Parts Stolen . | . . . . . Parts Stripped . | . . . . . Power Chain Reactions 4 | 2 1 . . 1 Alert | -11 -10 -10 -10 -9 ------- Run | Yrd Mat Min Exi Min Maximum Alert Level . | . . . . . Low Security (%) 100 | 100 100 100 . 100 Level 1 . | . . . . . Level 2 . | . . . . . Level 3 . | . . . . . Level 4 . | . . . . . Level 5 . | . . . . . High Security . | . . . . . Max Security . | . . . . . Peak Influence 108 | 10 108 50 . 11 Initial 31 | . 2 31 . . Average 13 | 1 28 11 . . Influence Increases 214 | 15 138 50 . 11 Destroy 0b10 Robot/C 100 | . 60 40 . . Destroy 0b10 Robot/NC 20 | 15 . . . 5 Destroy Leader 20 | . 10 10 . . Destroy Structure 14 | . 8 . . 6 Lose Combat Pursuer 60 | . 60 . . . Influence Decreases 214 | 10 45 148 . 11 Entered New Map 70 | . 3 67 . . Time Decay 144 | 10 42 81 . 11 Squads Dispatched 2 | . 2 . . . Investigation 2 | . 2 . . . Extermination . | . . . . . Reinforcement . | . . . . . Assault . | . . . . . Garrison . | . . . . . Intercept . | . . . . . Searches Triggered . | . . . . . Construction Impeded . | . . . . . Haulers Reinforced . | . . . . . Active Scanning Responses . | . . . . . Cargo Convoy Interrupts . | . . . . . Stealth | -11 -10 -10 -10 -9 --------- Run | Yrd Mat Min Exi Min Distress Signals . | . . . . . Communications Jammed . | . . . . . Distress Signals . | . . . . . Times Spotted 30 | . 11 2 . 17 Peak Tracking Total 17 | . 5 2 . 17 Tactical Retreats 3 | . 2 . . 1 Traps | -11 -10 -10 -10 -9 ------- Run | Yrd Mat Min Exi Min Traps Triggered 1 | . 1 . . . Indirectly . | . . . . . Trap Hack Attempts . | . . . . . Triggered . | . . . . . Disarmed . | . . . . . Reprogrammed . | . . . . . Reused . | . . . . . Traps Extracted . | . . . . . Installed . | . . . . . Triggered . | . . . . . Machines | -11 -10 -10 -10 -9 ---------- Run | Yrd Mat Min Exi Min Machines Disabled . | . . . . . Max in Single Turn . | . . . . . Machines Repaired . | . . . . . Machines Dismantled . | . . . . . Machines Sabotaged . | . . . . . Overloaded Fab Kills . | . . . . . Hacking | -11 -10 -10 -10 -9 --------- Run | Yrd Mat Min Exi Min Machines Accessed 3 | . 2 1 . . Terminals 3 | . 2 1 . . Fabricators . | . . . . . Repair Stations . | . . . . . Recycling Units . | . . . . . Scanalyzers . | . . . . . Garrison Access . | . . . . . Total Hacks 7 | . 6 1 . . Successful 3 | . 2 1 . . Failed 4 | . 4 . . . Catastrophic 1 | . 1 . . . Database Lockouts . | . . . . . Manual 3 | . 2 1 . . Terminals 7 | . 6 1 . . Fabricators . | . . . . . Repair Stations . | . . . . . Recycling Units . | . . . . . Scanalyzers . | . . . . . Garrison Access . | . . . . . Terminal Hacks 3 | . 2 1 . . Robot Analysis 1 | . 1 . . . Zone Layout 2 | . 1 1 . . Fabricator Hacks . | . . . . . Repair Station Hacks . | . . . . . Recycling Unit Hacks . | . . . . . Scanalyzer . | . . . . . Garrison Access Hacks . | . . . . . Unauthorized Hacks . | . . . . . Terminals . | . . . . . Fabricators . | . . . . . Repair Stations . | . . . . . Recycling Units . | . . . . . Scanalyzers . | . . . . . Garrison Access . | . . . . . Data Cores Recovered . | . . . . . Used . | . . . . . Hacking Detections 2 | . 2 . . . Full Trace Events 1 | . 1 . . . Feedback Events . | . . . . . Feedback Blocked . | . . . . . Robot Schematics Acquired . | . . . . . Robots Built . | . . . . . Authchips . | . . . . . Time . | . . . . . Total Robot Build Rating . | . . . . . Part Schematics Acquired . | . . . . . Parts Built . | . . . . . Authchips . | . . . . . Time . | . . . . . Total Part Build Rating . | . . . . . Part Studies Acquired . | . . . . . Parts Repaired . | . . . . . Time . | . . . . . Parts Recycled . | . . . . . Recycled Matter . | . . . . . Retrieved Matter . | . . . . . Retrieved Components . | . . . . . Parts Scanalyzed . | . . . . . Part Schematics Acquired . | . . . . . Parts Damaged . | . . . . . Bothacking | -11 -10 -10 -10 -9 ------------ Run | Yrd Mat Min Exi Min Used RIF Installer . | . . . . . Robots Hacked . | . . . . . Non-combat . | . . . . . Combat . | . . . . . Robot Hacks Applied . | . . . . . Relay Couplers Released . | . . . . . Fabnet Peak Effective % . | . . . . . Robots Rewired . | . . . . . Allies Hacked . | . . . . . Hacks Repelled . | . . . . . Allies | -11 -10 -10 -10 -9 -------- Run | Yrd Mat Min Exi Min Total Allies 3 | . . 3 . . Largest Group 3 | . . 3 3 3 Highest-Rated Group 40 | . . 40 40 40 Highest-Rated Ally 16 | . . 16 16 16 Total Orders . | . . . . . Ally Attacks 4 | . . . . 4 Total Damage 40 | . . . . 40 Kills . | . . . . . Allies Corrupted . | . . . . . Allies Melted . | . . . . . Intel | -11 -10 -10 -10 -9 ------- Run | Yrd Mat Min Exi Min Active Infowar (turns) 889 | 5 186 342 276 80 Seismic 889 | 5 186 342 276 80 Robot Analysis Total 1 | . 1 . . . Derelict Logs Recovered 2 | . . 1 . 1 Drone Launches . | . . . . . Drone Recoveries . | . . . . . Exploration | -11 -10 -10 -10 -9 ------------- Run | Yrd Mat Min Exi Min Turns Passed 983 | 96 186 342 276 83 Spaces Moved 813 | 63 114 326 257 53 Core 2 | 2 . . . . Treads . | . . . . . Legs . | . . . . . Wheels 811 | 61 114 326 257 53 Hover . | . . . . . Flight . | . . . . . Fastest Speed 50 | 50 100 100 100 100 Average Speed 101 | 98 100 100 100 122 Slowest Speed 175 | 100 100 100 100 175 Overloaded Moves . | . . . . . Propulsion Burnouts . | . . . . . Robots Hopped . | . . . . . Potential Cave-ins . | . . . . . Cave-ins Triggered . | . . . . . Exploration Rate (%) 37 | 4 25 62 72 23 Regions Visited 4 Branch Regions 3 Pre-discovered Areas 1 | . . 1 . . Known Exits Taken . | . . . . . Unknown Exits Taken 4 | 1 1 1 1 . Scrap Searched 1 | . . . . 1 Spaces Dug . | . . . . . Terrain Destroyed 17 | 3 8 . . 6 Melee . | . . . . . Projectile . | . . . . . AOE 17 | 3 8 . . 6 Terrain Rammed . | . . . . . Walls Destroyed . | . . . . . Machines Disabled . | . . . . . Actions | -11 -10 -10 -10 -9 --------- Run | Yrd Mat Min Exi Min Total 923 | 79 174 332 276 62 Wait 72 | . 52 . 20 . Move 809 | 62 113 325 256 53 Hop . | . . . . . Pick Up 4 | 3 1 . . . Fast Attach 9 | 7 2 . . . Attach 2 | . . . . 2 Detach . | . . . . . Swap 3 | . 1 . . 2 Drop 1 | . . . . 1 Fire 21 | 7 5 5 . 4 Melee . | . . . . . Ram 2 | . . 2 . . Kick . | . . . . . Crush . | . . . . . Escape Stasis . | . . . . . Rewire . | . . . . . Trap . | . . . . . Miscellaneous . | . . . . . Route ------- -11/Scrapyard -10/Materials (discovered 2 exits: *Min x2) -10/Mines -10/Exiles -9/Mines History --------- Turn | Location | Event 7 | -11/Scrapyard | Discovered new exit (range 16) 97 | -11/Scrapyard | Entered Materials 98 | -10/Materials | Met a group of wandering Federalists 214 | -10/Materials | Discovered new exit (range 15) 227 | -10/Materials | Lost 4 allies 227 | -10/Materials | Discovered new exit (range 11) 283 | -10/Materials | Entered Mines 307 | -10/Mines | Met a Derelict bent on vengeance 312 | -10/Mines | Build established: Mutant 383 | -10/Mines | A weapon hastily lodged in a ceiling crevice suddenly fell to the ground 496 | -10/Mines | Assisted by bots powering up and referring to "LRC-V3" 616 | -10/Mines | Deemed a non-threat by the Exiles lab entrance 619 | -10/Mines | Discovered new exit (range 5) 625 | -10/Mines | Entered Exiles 625 | -10/Exiles | Accompanied by 3 allies 649 | -10/Exiles | Met 8R-AWN 665 | -10/Exiles | Met EX-HEX 713 | -10/Exiles | Met EX-DEC 733 | -10/Exiles | Visited The Gauntlet 869 | -10/Exiles | Discovered new exit (range 10) 901 | -10/Exiles | Entered Mines 901 | -9/Mines | Accompanied by 3 allies 954 | -9/Mines | Learned Materials stockpile data 957 | -9/Mines | Assembled infested the area 962 | -9/Mines | Assisted by a Guerilla fighting off Assembled 974 | -9/Mines | Core integrity fell below 50% 984 | -9/Mines | Core integrity fell below 20% 984 | -9/Mines | Self-destructed Last Messages --------------- 00954_ Acquired derelict log, extracted data. Data stored: Materials stockpile data. 00957_ ALERT: Infestation in the mines, dispatching Demolisher response squad. 00958_ |, #BB 5UPLF6HWPAS0BA 00975_ Destroyed Asb. Hover Unit. 00976_ as-34795 destroyed. 00976_ Trooper 1a destroyed. 00977_ Lgt. Ion Engine destroyed. 00977_ EM Pulse Gun destroyed. 00979_ Mercenary 1a destroyed. 00980_ ED-NPK(h) suffers critical hit (Burn). 00980_ R-06 Scavenger destroyed. 00981_ EM Pulse Gun destroyed. 00981_ Seismic Detector destroyed. 00982_ ED-NPK(h): "I'll hold them off! Go on ahead or try to find another way!" 00982_ HV Slug penetrates as-90180. 00982_ as-90180 suffers critical hit (Destroy). 00982_ as-90180 destroyed. Map ----- +----------------------------------------------------+ | ?????????????????????????????????????????? | | ?????????????????????????????????????????? | | ?????????????????????????????????????????? | | ?????????????????????????????????????????? | | ?????????????????????????????????????????? | | ?????????????????????????????????????????? | | ?????????????????????????????????????????? | | ?????????????????????????????????????????? | | ?????????????????????????????????????????? | | ?????????????????????????????????????????? | | ?????????????????????????????????????????? | | ?????????????????????????????????????????? | | ?????????????????????????????????????????? | | ?????????????????????????????????????????? | | ?????????????????????????????????????????? | | ?????????????????????????????????????????? | | ????????? ?????????????????????????????? | | ????????? ????????????????????????????? | | ???????? #???????????????????????????? | | ????????? ##?????????????????????????? | | ?????????? #????????????????????????? | | ???????????# #????????####???????##??? | | ????????????#a #??##### ##### #??? | | ??????????????# ### #??? | | ???????????????# aa aaa #??? | | ???????????????##a =aa @ #??? | | ????????????????#aaa=a #??? | | ????????????????# !a=## ##??? | | ????????????????##g%#### #???? | | ?????????????????##%#??### #???? | | ??????????????????# #?????# #???? | | ??????????????????# #??????# #??? | | ??????????????????# #???????# ??? | | ??????????????????# #???????? ???? | | ??????????????????# #????????# ## ???? | | ??????????????????# #?????????###?###????? | | ??????????????????# #????????????????????? | | ??????????????????# #????????????????????? | | ??????????????????# #????????????????????? | | ??????????????????# #????????????????????? | | ??????????????????# #????????????????????? | | ?????????????????## ##????#??????????????? | | ?????????????????#" "#??# #??????????????? | | ?????????????????#"%"#? ????????????????? | | ?????????????????#" "# #?????????????????? | | ????#????????????## #?????????????????? | | ????? ????????????# ####?????????????????? | | ?????# ???????????# #????????????????????? | | ?????# ?#######??# #????????????????????? | | ###### ## ##?# #????????????????????? | +----------------------------------------------------+ Best States ------------- Heat Dissipation 25 Energy Generation 10 Energy Capacity 125 Matter Stores 300 Matter Capacity 300 Sight Range 16 Terrain Scan Density 10 Resistance: KI 20 Resistance: TH 20 Resistance: EX 20 Resistance: EM 20 Resistance: I 20 Resistance: S 20 Resistance: P 20 Evasion (%) 40 Offensive Hacking 10 Item Schematics ----------------- None Robot Schematics ------------------ None Fabricated ------------ Nothing Repaired ---------- Nothing Studied --------- None Alien Tech Used ----------------- None Achievements -------------- None Challenges ------------ None Game ------ Seed CooledWaveAutopenetrator Manual? 0 Play Time 00:07:14 Cumulative 242.3 hours Start 2025.12.22 @ 21:40:37 End 2025.12.22 @ 21:50:18 Sessions 1 Manual Loads 0 Difficulty Adventurer Special Mode None Game No. 187 Rogue 10 Adventurer 177 Explorer 0 Win Type - Total 16 Types 7/0/6/3/0/0/0/0/0/0 Lore% 74 Gallery% 71 Achievement% 55 Wizard Run 0 Options --------- Layout 1 ASCII 0 Keyboard 0 Movement Mouse Keybinds 0 Fullscreen 1 Font 24/Smallcaps Map View 50x35 Zoom Use 9% Tactical HUD 1 Map Filters NONE Filters NONE Steam 1 RUN: e2805ed4-922d-4583-b8a6-daf8e2806ad9